Mustangs vs Remparts
Created - May 8, 2020 at 19:22
Goals
|
Mustangs |
1 |
0 |
3 |
4 |
Remparts |
0 |
1 |
1 |
2 |
|
Shots
|
Mustangs |
11 |
7 |
17 |
35 |
Remparts |
7 |
11 |
8 |
26 |
|
1st period
1. Mustangs , Kurtis Gabriel 3 (Curtis Hamilton 10, Dakota Mermis 19) at 17:31
Penalties :
Michael Latta (Que) for High sticking (Minor) at 3:01, Chet Pickard (Ham) for Delaying the game (Minor) at 9:48 - Andrew O'Brien served the penalty, Andreas Martinsen (Ham) for Tripping (Minor) at 17:36
2nd period
2. Remparts , Jake Virtanen 12 (Cédric Lalonde-McNicoll 25) at 16:39
Penalties :
Viktor Baldayev (Que) for Interference (Minor) at 3:33, Kurtis Gabriel (Ham) for Interference (Minor) at 18:09
3rd period
3. Mustangs , Josh Jooris 44 (Andreas Martinsen 49, Stefan Matteau 43) at 4:28 (PP)
4. Mustangs , Andreas Martinsen 41 (Stefan Matteau 44, Josh Jooris 58) at 5:37
5. Remparts , Rickard Rakell 27 (Michael Latta 30, Viktor Baldayev 10) at 6:49
6. Mustangs , Josh Jooris 45 (Alexei Marchenko 50, Tom Wilson 37) at 11:22 (PP)
Penalties :
Jake Virtanen (Que) for Goalie Interference (Minor) at 2:51, Cédric Lalonde-McNicoll (Que) for High sticking (Minor) at 10:51
Goalie Stats
Chet Pickard (Ham), 24 saves from 26 shots - (0.923), W, 37-19-5, 60:00 minutes
Igor Bobkov (Que), 31 saves from 35 shots - (0.886), L, 18-13-2, 60:00 minutes
Players Stats for Mustangs
Player Name G A P +/- PIM S H SB GA TA FO MP PP MP PK MP
------------------------------------------------------------------------------------
Alexei Marchenko 0 1 1 0 0 3 2 2 1 1 0/0 27:35 4:56 3:14
Andreas Martinsen 1 1 2 1 2 1 2 0 0 0 0/0 15:57 1:22 2:01
Andrew O'Brien 0 0 0 1 0 3 1 2 0 0 0/0 13:18 0:32 1:49
Ben Harpur 0 0 0 -1 0 2 1 3 0 0 0/0 21:38 0:38 3:13
Chrstian Dvorak 0 0 0 0 0 0 2 0 0 0 0/0 11:45 0:00 0:00
Curtis Hamilton 0 1 1 0 0 2 0 1 0 0 0/0 8:38 0:00 1:37
Dakota Mermis 0 1 1 1 0 0 0 1 0 0 0/0 15:05 1:10 2:44
Damon Severson 0 0 0 -1 0 0 1 1 0 0 0/0 20:10 3:29 0:00
Iven Barbashev 0 0 0 0 0 1 0 0 1 0 1/3 7:00 0:00 0:00
Jim O'Brien 0 0 0 0 0 1 2 0 0 0 5/6 15:10 0:00 3:01
Jonathan Drouin 0 0 0 -1 0 3 3 0 0 0 0/0 21:33 4:44 0:25
Josh Jooris 2 1 3 1 0 6 2 1 0 0 2/2 16:04 1:22 2:06
Kurtis Gabriel 1 0 1 0 2 1 0 0 0 0 0/0 7:19 0:01 0:00
Max Gortz 0 0 0 0 0 1 3 0 3 0 2/2 11:45 0:00 0:00
Scott Mayfield 0 0 0 0 0 1 3 0 0 1 0/0 22:15 1:27 0:54
Sean Monahan 0 0 0 -1 0 7 1 0 1 1 12/31 22:25 4:44 1:21
Stefan Matteau 0 2 2 1 0 1 3 2 2 0 3/12 15:39 1:22 1:23
Tom Wilson 0 1 1 -1 0 2 3 0 1 1 0/1 20:45 4:43 0:00
Players Stats for Remparts
Player Name G A P +/- PIM S H SB GA TA FO MP PP MP PK MP
------------------------------------------------------------------------------------
Brayden Point 0 0 0 0 0 1 0 0 0 2 2/9 13:43 3:01 0:00
Cédric Lalonde-McNicoll 0 1 1 0 2 2 1 0 0 0 2/5 9:27 0:00 3:00
Cedric Paquette 0 0 0 0 0 0 2 0 0 0 0/1 14:48 0:17 0:44
Guillaume Desbiens 0 0 0 0 0 5 2 0 0 0 2/5 18:30 2:51 1:47
Jake Virtanen 1 0 1 0 2 2 0 0 1 0 0/0 6:08 0:00 0:00
Jerry D'Amigo 0 0 0 0 0 0 0 0 0 0 0/1 10:58 0:24 0:00
John Draeger 0 0 0 0 0 2 0 0 0 1 0/0 22:44 2:54 3:45
Jonathan Matsumoto 0 0 0 0 0 1 2 1 1 0 10/15 19:05 2:51 2:22
Juuso Ikonen 0 0 0 0 0 1 0 0 0 0 0/0 7:36 0:20 0:45
Logan Stephenson 0 0 0 -1 0 1 1 3 0 2 0/0 25:49 3:03 2:21
Matt Puempel 0 0 0 0 0 0 1 1 0 0 0/0 10:24 0:00 0:00
Michael Latta 0 1 1 0 2 0 1 1 0 0 14/18 20:03 2:49 0:00
Michal Jordan 0 0 0 0 0 0 2 0 0 1 0/0 19:05 2:54 0:00
Niklas Hansson 0 0 0 1 0 0 0 0 0 1 0/0 15:06 0:00 3:45
Pontus Aberg 0 0 0 0 0 2 2 1 1 0 2/2 19:36 2:36 0:00
Rickard Rakell 1 0 1 0 0 5 1 1 1 1 0/1 23:26 2:42 3:34
Viktor Baldayev 0 1 1 1 2 1 3 0 0 0 0/0 11:33 0:00 0:00
William Colbert 0 0 0 -1 0 3 2 1 0 1 0/0 25:49 3:03 2:21
3 Stars
1 - Josh Jooris (Ham)
2 - Stefan Matteau (Ham)
3 - Andreas Martinsen (Ham)
Power Play
Mustangs - 2 on 4 Attempt(s) - 50.00%
Remparts - 0 on 3 Attempt(s) - 0.00%
Penalty Kill
Mustangs - 3 on 3 Attempt(s) - 100.00%
- Score 0 goal in Penalty Kill
Remparts - 2 on 4 Attempt(s) - 50.00%
- Score 0 goal in Penalty Kill
Team Stat
Mustangs - Hits : 29 - Faceoff Wins : 25 - Blocked Shots : 13 - Penalty Minutes : 6
Remparts - Hits : 20 - Faceoff Wins : 32 - Blocked Shots : 9 - Penalty Minutes : 8
Official
Referees : Unknown
Linesman : Unknown
Game Notes
No Game Note
Finance
Level 1 -- Attendance: 1824 (91.20%) -- Ticket Income $54,720
Level 2 -- Attendance: 620 (62.00%) -- Ticket Income $12,400
Total Attendance: 2444 (81.47%)
Total Ticket Income: $67,120
Other Income: $3,356
Total Income: $70,476
Mustangs
5 vs 5 Forward
Center Left Wing Right Wing Time % Phy DF OF
1 Sean Monahan Jonathan Drouin Tom Wilson 40 1 2 2
2 Stefan Matteau Andreas Martinsen Josh Jooris 30 1 2 2
3 Jim O'Brien Chrstian Dvorak Max Gortz 20 1 2 2
4 Iven Barbashev Curtis Hamilton Kurtis Gabriel 10 1 2 2
5 vs 5 Defense
Defense Defense Time % Phy DF OF
1 Alexei Marchenko Scott Mayfield 44 1 2 2
2 Ben Harpur Damon Severson 33 1 2 2
3 Andrew O'Brien Dakota Mermis 23 1 2 2
4 Alexei Marchenko Scott Mayfield 0 1 2 2
PowerPlay Forward
Center Left Wing Right Wing Time % Phy DF OF
1 Sean Monahan Jonathan Drouin Tom Wilson 60 1 2 2
2 Stefan Matteau Andreas Martinsen Josh Jooris 40 1 2 2
PowerPlay Defense
Defense Defense Time % Phy DF OF
1 Alexei Marchenko Damon Severson 60 1 2 2
2 Ben Harpur Dakota Mermis 40 1 2 2
Penalty Kill 4 Players Forward
Center Wing Time % Phy DF OF
1 Jim O'Brien Andreas Martinsen 60 1 2 2
2 Sean Monahan Josh Jooris 40 1 2 2
Penalty Kill 4 Players Defense
Defense Defense Time % Phy DF OF
1 Alexei Marchenko Ben Harpur 60 1 2 2
2 Dakota Mermis Andrew O'Brien 40 1 2 2
Penalty Kill - 3 Players Forward
Forward Time % Phy DF OF
1 Jim O'Brien 60 1 2 2
2 Josh Jooris 40 1 2 2
Penalty Kill - 3 Players Defense
Defense Defense Time % Phy DF OF
1 Alexei Marchenko Ben Harpur 60 1 2 2
2 Dakota Mermis Andrew O'Brien 40 1 2 2
4 vs 4 Forward
Center Wing Time % Phy DF OF
1 Sean Monahan Tom Wilson 60 1 2 2
2 Stefan Matteau Josh Jooris 40 1 2 2
4 vs 4 Defense
Defense Defense Time % Phy DF OF
1 Alexei Marchenko Scott Mayfield 60 1 2 2
2 Ben Harpur Damon Severson 40 1 2 2
Last Minutes Offensive
Center Left Wing Right Wing Defense Defense
Sean Monahan Jonathan Drouin Tom Wilson Alexei Marchenko Scott Mayfield
Last Minutes Defensive
Center Left Wing Right Wing Defense Defense
Jim O'Brien Andreas Martinsen Josh Jooris Alexei Marchenko Scott Mayfield
Goaltenders
Starting : Chet Pickard
Backup : Anthony Stolarz
Extra Forwards
Normal : Sean Monahan, Jim O'Brien, Stefan Matteau - PP : Josh Jooris, Tom Wilson - PK : Josh Jooris
Extra Defensemen
Normal : Alexei Marchenko, Ben Harpur, Dakota Mermis - PP : Alexei Marchenko - PK : Alexei Marchenko, Ben Harpur
Penalty Shots
Andreas Martinsen, Josh Jooris, Jim O'Brien, Sean Monahan, Tom Wilson
Scratches
Ryan Graves (Healthy), Melker Karlsson (Left Wrist Injury), Matthew Finn (Healthy), Danny Biega (Healthy), Raphael Bussieres (Healthy)
Sam Kurker (Healthy), Josh Ho-Sang (Healthy), Brett Pollock (Healthy), Steven Spinner (Healthy), Joacim Eriksson (Healthy)
Remparts
5 vs 5 Forward
Center Left Wing Right Wing Time % Phy DF OF
1 Michael Latta Pontus Aberg Rickard Rakell 40 0 2 3
2 Jonathan Matsumoto Cedric Paquette Guillaume Desbiens 30 0 2 3
3 Brayden Point Matt Puempel Jerry D'Amigo 20 0 3 2
4 Cédric Lalonde-McNicoll Juuso Ikonen Jake Virtanen 10 1 2 2
5 vs 5 Defense
Defense Defense Time % Phy DF OF
1 Logan Stephenson William Colbert 40 0 2 3
2 Michal Jordan John Draeger 30 1 2 2
3 Viktor Baldayev Niklas Hansson 20 1 2 2
4 Logan Stephenson William Colbert 10 1 2 2
PowerPlay Forward
Center Left Wing Right Wing Time % Phy DF OF
1 Brayden Point Michael Latta Rickard Rakell 60 0 1 4
2 Jonathan Matsumoto Pontus Aberg Guillaume Desbiens 40 0 1 4
PowerPlay Defense
Defense Defense Time % Phy DF OF
1 Logan Stephenson William Colbert 60 0 2 3
2 John Draeger Michal Jordan 40 0 2 3
Penalty Kill 4 Players Forward
Center Wing Time % Phy DF OF
1 Cédric Lalonde-McNicoll Rickard Rakell 60 1 3 1
2 Jonathan Matsumoto Guillaume Desbiens 40 1 3 1
Penalty Kill 4 Players Defense
Defense Defense Time % Phy DF OF
1 Niklas Hansson John Draeger 60 1 4 0
2 William Colbert Logan Stephenson 40 1 4 0
Penalty Kill - 3 Players Forward
Forward Time % Phy DF OF
1 Cédric Lalonde-McNicoll 60 1 3 1
2 Rickard Rakell 40 1 3 1
Penalty Kill - 3 Players Defense
Defense Defense Time % Phy DF OF
1 Niklas Hansson John Draeger 60 1 4 0
2 William Colbert Logan Stephenson 40 1 4 0
4 vs 4 Forward
Center Wing Time % Phy DF OF
1 Brayden Point Rickard Rakell 60 0 2 3
2 Jonathan Matsumoto Pontus Aberg 40 0 2 3
4 vs 4 Defense
Defense Defense Time % Phy DF OF
1 Logan Stephenson William Colbert 60 0 2 3
2 Michal Jordan John Draeger 40 1 2 2
Last Minutes Offensive
Center Left Wing Right Wing Defense Defense
Brayden Point Michael Latta Rickard Rakell Logan Stephenson William Colbert
Last Minutes Defensive
Center Left Wing Right Wing Defense Defense
Cédric Lalonde-McNicoll Pontus Aberg Rickard Rakell Logan Stephenson Niklas Hansson
Goaltenders
Starting : Igor Bobkov
Backup : Garret Sparks
Extra Forwards
Normal : Pontus Aberg, Michael Latta, Brayden Point - PP : Pontus Aberg, Brayden Point - PK : Jonathan Matsumoto
Extra Defensemen
Normal : Michal Jordan, Logan Stephenson, William Colbert - PP : Niklas Hansson - PK : Viktor Baldayev, Niklas Hansson
Penalty Shots
Jonathan Matsumoto, Pontus Aberg, Brayden Point, Rickard Rakell, Michael Latta
Scratches
Michael Downing (Healthy), Keaton Thompson (Healthy), Colin Smith (Healthy), Roberts Lipsbergs (Sore Left Knee Injury), Kyle Platzer (Healthy)
Connor Honey (Healthy), Anton Zlobin (Healthy), Mitchell Heard (Healthy), Tim Bozon (Healthy), Nelson Nogier (Healthy)
Marek Langhamer (Healthy)
% Time on Ice - Mustangs
Lines # - Real PCT - Wanted PCT - Time Play
Normal Forward
1 - 35% - 40% - 16:49
2 - 26% - 30% - 12:23
3 - 25% - 20% - 11:45
4 - 15% - 10% - 7:00
Normal Defense
1 - 42% - 44% - 20:05
2 - 36% - 33% - 17:03
3 - 23% - 23% - 10:49
4 - 0% - 0% - 0:00
PP Forward
1 - 78% - 60% - 4:44
2 - 22% - 40% - 1:22
PP Defense
1 - 81% - 60% - 4:56
2 - 19% - 40% - 1:10
PK Forward
1 - 81% - 60% - 4:49
2 - 19% - 40% - 1:08
PK Defense
1 - 54% - 60% - 3:13
2 - 46% - 40% - 2:44
PK3 Forward
1 - 0% - 60%
2 - 0% - 40%
PK3 Defense
1 - 0% - 60%
2 - 0% - 40%
44 Forward
1 - 0% - 60%
2 - 0% - 40%
44 Defense
1 - 0% - 60%
2 - 0% - 40%
Last Minute Offensive - 0:00
Last Minute Defensive - 0:00
Total
Forward - 60:00
Defense - 60:00
|
% Time on Ice - Remparts
Lines # - Real PCT - Wanted PCT - Time Play
Normal Forward
1 - 37% - 40% - 17:32
2 - 29% - 30% - 13:52
3 - 22% - 20% - 10:24
4 - 13% - 10% - 6:09
Normal Defense
1 - 39% - 40% - 18:52
2 - 34% - 30% - 16:18
3 - 23% - 20% - 11:09
4 - 3% - 10% - 1:38
PP Forward
1 - 52% - 60% - 3:06
2 - 48% - 40% - 2:51
PP Defense
1 - 51% - 60% - 3:03
2 - 49% - 40% - 2:54
PK Forward
1 - 71% - 60% - 4:19
2 - 29% - 40% - 1:47
PK Defense
1 - 61% - 60% - 3:45
2 - 39% - 40% - 2:21
PK3 Forward
1 - 0% - 60%
2 - 0% - 40%
PK3 Defense
1 - 0% - 60%
2 - 0% - 40%
44 Forward
1 - 0% - 60%
2 - 0% - 40%
44 Defense
1 - 0% - 60%
2 - 0% - 40%
Last Minute Offensive - 0:00
Last Minute Defensive - 0:00
Total
Forward - 60:00
Defense - 60:00
|
Play-by-Play
1st period
0:01 of 1st period - Michael Latta wins face-off versus Sean Monahan in neutral zone.
0:54 of 1st period - Backhand shot by Iven Barbashev.
0:54 of 1st period - Stopped by Igor Bobkov without a rebound.
0:55 of 1st period - Iven Barbashev wins face-off versus Cédric Lalonde-McNicoll in Remparts zone.
1:10 of 1st period - Snap shot by Dakota Mermis.
1:10 of 1st period - Deflect By Curtis Hamilton.
1:10 of 1st period - Stopped by Igor Bobkov with a rebound.
1:22 of 1st period - Viktor Baldayev is hit by Andrew O'Brien and loses puck.
1:56 of 1st period - Snap shot by Guillaume Desbiens.
1:56 of 1st period - Stopped by Chet Pickard without a rebound.
1:57 of 1st period - Brayden Point wins face-off versus Stefan Matteau in Mustangs zone.
2:32 of 1st period - Snap shot by Jonathan Drouin.
2:32 of 1st period - Shot Blocked by Rickard Rakell.
2:34 of 1st period - Slapshot by Alexei Marchenko.
2:34 of 1st period - Deflect By Sean Monahan.
2:34 of 1st period - Shot Misses the Net.
2:34 of 1st period - Puck is out of play.
2:35 of 1st period - Jim O'Brien wins face-off versus Jonathan Matsumoto in Remparts zone.
3:01 of 1st period - Minor Penalty to Michael Latta for High sticking.
3:02 of 1st period - Sean Monahan wins face-off versus Cédric Lalonde-McNicoll in Remparts zone.
5:01 of 1st period - Penalty to Michael Latta is over, Michael Latta is back on ice.
5:03 of 1st period - Niklas Hansson is hit by Ben Harpur and loses puck.
5:52 of 1st period - Slapshot by Rickard Rakell.
5:52 of 1st period - Stopped by Chet Pickard with a rebound.
5:54 of 1st period - Wrist shot by Rickard Rakell.
5:54 of 1st period - Stopped by Chet Pickard with a rebound.
6:01 of 1st period - Icing by Jim O'Brien.
6:02 of 1st period - Brayden Point wins face-off versus Iven Barbashev in Mustangs zone.
6:11 of 1st period - Wrist shot by Brayden Point.
6:11 of 1st period - Shot Blocked by Andrew O'Brien.
6:13 of 1st period - Snap shot by Niklas Hansson.
6:13 of 1st period - Shot Blocked by Dakota Mermis.
6:32 of 1st period - Guillaume Desbiens is hit by Stefan Matteau and loses puck.
6:58 of 1st period - Snap shot by Max Gortz.
6:58 of 1st period - Shot Misses the Net.
7:14 of 1st period - Slapshot by Jonathan Drouin.
7:14 of 1st period - Stopped by Igor Bobkov without a rebound.
7:15 of 1st period - Sean Monahan wins face-off versus Cedric Paquette in Remparts zone.
7:16 of 1st period - Wrist shot by Jonathan Drouin.
7:16 of 1st period - Stopped by Igor Bobkov with a rebound.
8:05 of 1st period - Cédric Lalonde-McNicoll is hit by Max Gortz and loses puck.
8:27 of 1st period - Slapshot by Jerry D'Amigo.
8:27 of 1st period - Shot Misses the Net.
8:29 of 1st period - Snap shot by John Draeger.
8:29 of 1st period - Stopped by Chet Pickard without a rebound.
8:30 of 1st period - Pontus Aberg wins face-off versus Sean Monahan in Mustangs zone.
8:31 of 1st period - Slapshot by Rickard Rakell.
8:31 of 1st period - Stopped by Chet Pickard without a rebound.
8:32 of 1st period - Sean Monahan wins face-off versus Michael Latta in Mustangs zone.
8:57 of 1st period - Josh Jooris is hit by Cedric Paquette and loses puck.
9:18 of 1st period - Snap shot by Max Gortz.
9:18 of 1st period - Shot Misses the Net.
9:20 of 1st period - Slapshot by Andrew O'Brien.
9:20 of 1st period - Stopped by Igor Bobkov without a rebound.
9:21 of 1st period - Max Gortz wins face-off versus Brayden Point in Remparts zone.
9:26 of 1st period - Snap shot by Max Gortz.
9:26 of 1st period - Shot Misses the Net.
9:36 of 1st period - Snap shot by Max Gortz.
9:36 of 1st period - Shot Misses the Net.
9:44 of 1st period - Snap shot by Brayden Point.
9:44 of 1st period - Stopped by Chet Pickard with a rebound.
9:46 of 1st period - Slapshot by Michal Jordan.
9:46 of 1st period - Shot Blocked by Andrew O'Brien.
9:48 of 1st period - Slapshot by John Draeger.
9:48 of 1st period - Stopped by Chet Pickard without a rebound.
9:48 of 1st period - Minor Penalty to Chet Pickard for Delaying the game.
9:49 of 1st period - Jim O'Brien wins face-off versus Brayden Point in Mustangs zone.
9:49 of 1st period - Jim O'Brien is hit by Rickard Rakell.
10:43 of 1st period - Slapshot by Jim O'Brien.
10:43 of 1st period - Shot Misses the Net.
11:48 of 1st period - Penalty to Andrew O'Brien is over, Andrew O'Brien is back on ice.
13:30 of 1st period - Wrist shot by Sean Monahan.
13:30 of 1st period - Stopped by Igor Bobkov without a rebound.
13:31 of 1st period - Michael Latta wins face-off versus Sean Monahan in Remparts zone.
14:36 of 1st period - Snap shot by Sean Monahan.
14:36 of 1st period - Stopped by Igor Bobkov with a rebound.
14:38 of 1st period - Snap shot by Tom Wilson.
14:38 of 1st period - Deflect By Rickard Rakell.
14:38 of 1st period - Stopped by Igor Bobkov without a rebound.
14:39 of 1st period - Sean Monahan wins face-off versus Michael Latta in Remparts zone.
15:20 of 1st period - Wrist shot by Rickard Rakell.
15:20 of 1st period - Shot Misses the Net.
15:26 of 1st period - Logan Stephenson is hit by Sean Monahan and loses puck.
15:39 of 1st period - Tom Wilson is hit by Logan Stephenson and loses puck.
15:51 of 1st period - Rickard Rakell is hit by Jonathan Drouin and loses puck.
16:33 of 1st period - Wrist shot by Sean Monahan.
16:33 of 1st period - Stopped by Igor Bobkov with a rebound.
16:35 of 1st period - Snap shot by Tom Wilson.
16:35 of 1st period - Stopped by Igor Bobkov without a rebound.
16:36 of 1st period - Jonathan Matsumoto wins face-off versus Stefan Matteau in Remparts zone.
17:31 of 1st period - Snap shot by Kurtis Gabriel.
17:31 of 1st period - Goal by Kurtis Gabriel - Mustangs : 1 - Remparts : 0.
17:32 of 1st period - Jonathan Matsumoto wins face-off versus Stefan Matteau in neutral zone.
17:36 of 1st period - Minor Penalty to Andreas Martinsen for Tripping.
17:37 of 1st period - Jonathan Matsumoto wins face-off versus Jim O'Brien in Mustangs zone.
18:01 of 1st period - Alexei Marchenko is hit by Guillaume Desbiens and loses puck.
19:10 of 1st period - Rickard Rakell is hit by Josh Jooris and loses puck.
19:36 of 1st period - Penalty to Andreas Martinsen is over, Andreas Martinsen is back on ice.
Goals for this period are 1 for Mustangs vs 0 for Remparts.
Shots for this period are 11 for Mustangs vs 7 for Remparts.
2nd period
0:01 of 2nd period - Michael Latta wins face-off versus Stefan Matteau in neutral zone.
0:06 of 2nd period - Wrist shot by Michael Latta.
0:06 of 2nd period - Shot Blocked by Josh Jooris.
0:31 of 2nd period - Off-side.
0:32 of 2nd period - Sean Monahan wins face-off versus Guillaume Desbiens in neutral zone.
0:45 of 2nd period - Snap shot by Sean Monahan.
0:45 of 2nd period - Stopped by Igor Bobkov without a rebound.
0:46 of 2nd period - Stefan Matteau wins face-off versus Rickard Rakell in Remparts zone.
0:55 of 2nd period - Slapshot by William Colbert.
0:55 of 2nd period - Stopped by Chet Pickard with a rebound.
0:57 of 2nd period - Snap shot by Rickard Rakell.
0:57 of 2nd period - Shot Blocked by Alexei Marchenko.
0:59 of 2nd period - Slapshot by William Colbert.
0:59 of 2nd period - Stopped by Chet Pickard without a rebound.
1:00 of 2nd period - Jonathan Matsumoto wins face-off versus Sean Monahan in Mustangs zone.
3:33 of 2nd period - Minor Penalty to Viktor Baldayev for Interference.
3:34 of 2nd period - Sean Monahan wins face-off versus Cédric Lalonde-McNicoll in Remparts zone.
3:50 of 2nd period - Snap shot by Sean Monahan.
3:50 of 2nd period - Shot Misses the Net.
4:04 of 2nd period - Niklas Hansson is hit by Tom Wilson and loses puck.
4:23 of 2nd period - Backhand shot by Sean Monahan.
4:23 of 2nd period - Shot Blocked by William Colbert.
5:24 of 2nd period - Icing by Andrew O'Brien.
5:25 of 2nd period - Sean Monahan wins face-off versus Jonathan Matsumoto in Mustangs zone.
5:33 of 2nd period - Penalty to Viktor Baldayev is over, Viktor Baldayev is back on ice.
5:34 of 2nd period - Slapshot by Sean Monahan.
5:34 of 2nd period - Shot Misses the Net.
5:39 of 2nd period - Off-side.
5:40 of 2nd period - Jonathan Matsumoto wins face-off versus Stefan Matteau in neutral zone.
5:43 of 2nd period - Wrist shot by Guillaume Desbiens.
5:43 of 2nd period - Stopped by Chet Pickard without a rebound.
5:44 of 2nd period - Jonathan Matsumoto wins face-off versus Stefan Matteau in Mustangs zone.
5:54 of 2nd period - Slapshot by Guillaume Desbiens.
5:54 of 2nd period - Stopped by Chet Pickard with a rebound.
6:10 of 2nd period - Michael Latta is hit by Jim O'Brien and loses puck.
6:37 of 2nd period - Snap shot by Juuso Ikonen.
6:37 of 2nd period - Shot Misses the Net.
6:39 of 2nd period - Slapshot by Cédric Lalonde-McNicoll.
6:39 of 2nd period - Stopped by Chet Pickard without a rebound.
6:40 of 2nd period - Stefan Matteau wins face-off versus Jonathan Matsumoto in Mustangs zone.
7:17 of 2nd period - Wrist shot by Jonathan Matsumoto.
7:17 of 2nd period - Stopped by Chet Pickard with a rebound.
7:45 of 2nd period - Guillaume Desbiens is hit by Jim O'Brien and loses puck.
8:14 of 2nd period - Snap shot by Logan Stephenson.
8:14 of 2nd period - Stopped by Chet Pickard with a rebound.
8:16 of 2nd period - Snap shot by Jerry D'Amigo.
8:16 of 2nd period - Shot Blocked by Curtis Hamilton.
8:24 of 2nd period - Slapshot by Matt Puempel.
8:24 of 2nd period - Shot Blocked by Ben Harpur.
8:31 of 2nd period - Icing by Ben Harpur.
8:32 of 2nd period - Cédric Lalonde-McNicoll wins face-off versus Iven Barbashev in Mustangs zone.
8:39 of 2nd period - Slapshot by Ben Harpur.
8:39 of 2nd period - Deflect By Rickard Rakell.
8:39 of 2nd period - Stopped by Igor Bobkov without a rebound.
8:40 of 2nd period - Pontus Aberg wins face-off versus Sean Monahan in Remparts zone.
8:47 of 2nd period - Snap shot by Sean Monahan.
8:47 of 2nd period - Shot Blocked by Pontus Aberg.
8:49 of 2nd period - Wrist shot by Alexei Marchenko.
8:49 of 2nd period - Deflect By William Colbert.
8:49 of 2nd period - Stopped by Igor Bobkov without a rebound.
8:50 of 2nd period - Michael Latta wins face-off versus Sean Monahan in Remparts zone.
9:01 of 2nd period - Wrist shot by Jonathan Drouin.
9:01 of 2nd period - Stopped by Igor Bobkov with a rebound.
9:03 of 2nd period - Wrist shot by Tom Wilson.
9:03 of 2nd period - Shot Blocked by Logan Stephenson.
9:05 of 2nd period - Slapshot by Jonathan Drouin.
9:05 of 2nd period - Shot Misses the Net.
9:07 of 2nd period - Slapshot by Alexei Marchenko.
9:07 of 2nd period - Stopped by Igor Bobkov with a rebound.
9:09 of 2nd period - Snap shot by Tom Wilson.
9:09 of 2nd period - Deflect By Sean Monahan.
9:09 of 2nd period - Shot Misses the Net.
9:09 of 2nd period - Puck is out of play.
9:10 of 2nd period - Jonathan Matsumoto wins face-off versus Stefan Matteau in Remparts zone.
9:10 of 2nd period - Jonathan Matsumoto is hit by Scott Mayfield.
9:15 of 2nd period - John Draeger is hit by Alexei Marchenko and loses puck.
9:36 of 2nd period - Scott Mayfield is hit by Pontus Aberg and loses puck.
9:47 of 2nd period - Snap shot by Michael Latta.
9:47 of 2nd period - Shot Misses the Net.
9:59 of 2nd period - Slapshot by Curtis Hamilton.
9:59 of 2nd period - Shot Misses the Net.
10:11 of 2nd period - Iven Barbashev is hit by Matt Puempel and loses puck.
11:10 of 2nd period - Off-side.
11:11 of 2nd period - Sean Monahan wins face-off versus Jerry D'Amigo in neutral zone.
11:47 of 2nd period - Snap shot by Michael Latta.
11:47 of 2nd period - Shot Misses the Net.
12:08 of 2nd period - Wrist shot by Guillaume Desbiens.
12:08 of 2nd period - Stopped by Chet Pickard without a rebound.
12:09 of 2nd period - Sean Monahan wins face-off versus Guillaume Desbiens in Mustangs zone.
12:09 of 2nd period - Sean Monahan is hit by Viktor Baldayev.
12:18 of 2nd period - Off-side.
12:19 of 2nd period - Sean Monahan wins face-off versus Guillaume Desbiens in neutral zone.
12:57 of 2nd period - Guillaume Desbiens is hit by Alexei Marchenko and loses puck.
13:38 of 2nd period - Alexei Marchenko is hit by Viktor Baldayev and loses puck.
13:51 of 2nd period - Slapshot by Sean Monahan.
13:51 of 2nd period - Stopped by Igor Bobkov without a rebound.
13:52 of 2nd period - Stefan Matteau wins face-off versus Michael Latta in Remparts zone.
14:03 of 2nd period - Snap shot by Josh Jooris.
14:03 of 2nd period - Stopped by Igor Bobkov with a rebound.
14:05 of 2nd period - Slapshot by Andreas Martinsen.
14:05 of 2nd period - Shot Misses the Net.
14:07 of 2nd period - Snap shot by Andreas Martinsen.
14:07 of 2nd period - Shot Misses the Net.
14:14 of 2nd period - Icing by Logan Stephenson.
14:15 of 2nd period - Max Gortz wins face-off versus Brayden Point in Remparts zone.
15:01 of 2nd period - Curtis Hamilton is hit by Cédric Lalonde-McNicoll and loses puck.
15:08 of 2nd period - Slapshot by William Colbert.
15:08 of 2nd period - Shot Blocked by Ben Harpur.
15:10 of 2nd period - Slapshot by Juuso Ikonen.
15:10 of 2nd period - Shot Misses the Net.
15:12 of 2nd period - Slapshot by Juuso Ikonen.
15:12 of 2nd period - Stopped by Chet Pickard with a rebound.
15:29 of 2nd period - Jim O'Brien is hit by Viktor Baldayev and loses puck.
15:52 of 2nd period - Snap shot by William Colbert.
15:52 of 2nd period - Shot Blocked by Ben Harpur.
16:13 of 2nd period - Scott Mayfield is hit by William Colbert and loses puck.
16:39 of 2nd period - Wrist shot by Jake Virtanen.
16:39 of 2nd period - Goal by Jake Virtanen - Mustangs : 1 - Remparts : 1.
16:40 of 2nd period - Michael Latta wins face-off versus Sean Monahan in neutral zone.
16:43 of 2nd period - Slapshot by William Colbert.
16:43 of 2nd period - Stopped by Chet Pickard without a rebound.
16:44 of 2nd period - Michael Latta wins face-off versus Sean Monahan in Mustangs zone.
16:51 of 2nd period - Slapshot by Rickard Rakell.
16:51 of 2nd period - Shot Hit the Post.
17:33 of 2nd period - Andreas Martinsen is hit by William Colbert and loses puck.
17:40 of 2nd period - Dakota Mermis is hit by Cedric Paquette and loses puck.
18:09 of 2nd period - Minor Penalty to Kurtis Gabriel for Interference.
18:10 of 2nd period - Jim O'Brien wins face-off versus Brayden Point in Mustangs zone.
18:39 of 2nd period - Wrist shot by Jonathan Matsumoto.
18:39 of 2nd period - Shot Misses the Net.
18:41 of 2nd period - Slapshot by Jonathan Matsumoto.
18:41 of 2nd period - Shot Blocked by Alexei Marchenko.
18:43 of 2nd period - Wrist shot by Jonathan Matsumoto.
18:43 of 2nd period - Shot Misses the Net.
Goals for this period are 0 for Mustangs vs 1 for Remparts.
Shots for this period are 7 for Mustangs vs 11 for Remparts.
3rd period
0:01 of 3rd period - Jim O'Brien wins face-off versus Brayden Point in neutral zone.
0:08 of 3rd period - Snap shot by Alexei Marchenko.
0:08 of 3rd period - Stopped by Igor Bobkov without a rebound.
0:09 of 3rd period - Penalty to Kurtis Gabriel is over, Kurtis Gabriel is back on ice.
0:09 of 3rd period - Jim O'Brien wins face-off versus Brayden Point in Remparts zone.
0:12 of 3rd period - Wrist shot by Jim O'Brien.
0:12 of 3rd period - Stopped by Igor Bobkov with a rebound.
0:14 of 3rd period - Slapshot by Ben Harpur.
0:14 of 3rd period - Shot Misses the Net.
0:16 of 3rd period - Slapshot by Alexei Marchenko.
0:16 of 3rd period - Shot Blocked by Logan Stephenson.
0:18 of 3rd period - Slapshot by Ben Harpur.
0:18 of 3rd period - Stopped by Igor Bobkov without a rebound.
0:19 of 3rd period - Michael Latta wins face-off versus Sean Monahan in Remparts zone.
0:34 of 3rd period - William Colbert is hit by Scott Mayfield and loses puck.
0:53 of 3rd period - Snap shot by Max Gortz.
0:53 of 3rd period - Deflect By Rickard Rakell.
0:53 of 3rd period - Shot Misses the Net.
0:53 of 3rd period - Puck is out of play.
0:54 of 3rd period - Guillaume Desbiens wins face-off versus Stefan Matteau in Remparts zone.
0:58 of 3rd period - Off-side.
0:59 of 3rd period - Josh Jooris wins face-off versus Jonathan Matsumoto in neutral zone.
1:12 of 3rd period - Wrist shot by Josh Jooris.
1:12 of 3rd period - Stopped by Igor Bobkov with a rebound.
1:40 of 3rd period - Pontus Aberg is hit by Tom Wilson and loses puck.
2:51 of 3rd period - Minor Penalty to Jake Virtanen for Goalie Interference.
2:52 of 3rd period - Cédric Lalonde-McNicoll wins face-off versus Sean Monahan in Remparts zone.
2:52 of 3rd period - Cédric Lalonde-McNicoll is hit by Damon Severson.
3:28 of 3rd period - Snap shot by Damon Severson.
3:28 of 3rd period - Shot Blocked by Logan Stephenson.
3:30 of 3rd period - Slapshot by Damon Severson.
3:30 of 3rd period - Shot Blocked by Jonathan Matsumoto.
3:32 of 3rd period - Wrist shot by Sean Monahan.
3:32 of 3rd period - Stopped by Igor Bobkov with a rebound.
4:15 of 3rd period - John Draeger is hit by Andreas Martinsen and loses puck.
4:28 of 3rd period - Slapshot by Andreas Martinsen.
4:28 of 3rd period - Deflect By Josh Jooris.
4:28 of 3rd period - Goal by Josh Jooris - Mustangs : 2 - Remparts : 1.
4:29 of 3rd period - Jonathan Matsumoto wins face-off versus Stefan Matteau in neutral zone.
4:34 of 3rd period - Stefan Matteau is hit by Jonathan Matsumoto.
5:19 of 3rd period - Snap shot by Iven Barbashev.
5:19 of 3rd period - Shot Misses the Net.
5:21 of 3rd period - Slapshot by Andrew O'Brien.
5:21 of 3rd period - Stopped by Igor Bobkov with a rebound.
5:23 of 3rd period - Wrist shot by Andrew O'Brien.
5:23 of 3rd period - Deflect By Michal Jordan.
5:23 of 3rd period - Stopped by Igor Bobkov with a rebound.
5:25 of 3rd period - Slapshot by Alexei Marchenko.
5:25 of 3rd period - Shot Blocked by Michael Latta.
5:27 of 3rd period - Wrist shot by Curtis Hamilton.
5:27 of 3rd period - Stopped by Igor Bobkov without a rebound.
5:28 of 3rd period - Josh Jooris wins face-off versus Michael Latta in Remparts zone.
5:31 of 3rd period - Snap shot by Andreas Martinsen.
5:31 of 3rd period - Shot Misses the Net.
5:33 of 3rd period - Snap shot by Josh Jooris.
5:33 of 3rd period - Stopped by Igor Bobkov with a rebound.
5:35 of 3rd period - Snap shot by Stefan Matteau.
5:35 of 3rd period - Stopped by Igor Bobkov with a rebound.
5:37 of 3rd period - Wrist shot by Andreas Martinsen.
5:37 of 3rd period - Goal by Andreas Martinsen - Mustangs : 3 - Remparts : 1.
5:38 of 3rd period - Michael Latta wins face-off versus Sean Monahan in neutral zone.
6:04 of 3rd period - William Colbert is hit by Scott Mayfield and loses puck.
6:35 of 3rd period - Snap shot by Jake Virtanen.
6:35 of 3rd period - Stopped by Chet Pickard without a rebound.
6:36 of 3rd period - Michael Latta wins face-off versus Sean Monahan in Mustangs zone.
6:41 of 3rd period - Snap shot by Pontus Aberg.
6:41 of 3rd period - Stopped by Chet Pickard with a rebound.
6:43 of 3rd period - Slapshot by Rickard Rakell.
6:43 of 3rd period - Shot Misses the Net.
6:47 of 3rd period - Wrist shot by Michael Latta.
6:47 of 3rd period - Shot Misses the Net.
6:49 of 3rd period - Snap shot by Rickard Rakell.
6:49 of 3rd period - Goal by Rickard Rakell - Mustangs : 3 - Remparts : 2.
6:50 of 3rd period - Michael Latta wins face-off versus Sean Monahan in neutral zone.
7:15 of 3rd period - Pontus Aberg is hit by Chrstian Dvorak and loses puck.
8:20 of 3rd period - Wrist shot by Rickard Rakell.
8:20 of 3rd period - Stopped by Chet Pickard with a rebound.
8:22 of 3rd period - Slapshot by William Colbert.
8:22 of 3rd period - Shot Misses the Net.
8:24 of 3rd period - Wrist shot by Pontus Aberg.
8:24 of 3rd period - Shot Misses the Net.
8:26 of 3rd period - Wrist shot by Pontus Aberg.
8:26 of 3rd period - Shot Misses the Net.
8:31 of 3rd period - Wrist shot by Michael Latta.
8:31 of 3rd period - Deflect By Pontus Aberg.
8:31 of 3rd period - Stopped by Chet Pickard without a rebound.
8:32 of 3rd period - Guillaume Desbiens wins face-off versus Sean Monahan in Mustangs zone.
8:43 of 3rd period - Guillaume Desbiens is hit by Jonathan Drouin and loses puck.
8:58 of 3rd period - Jerry D'Amigo is hit by Andreas Martinsen and loses puck.
9:23 of 3rd period - Snap shot by Cédric Lalonde-McNicoll.
9:23 of 3rd period - Shot Misses the Net.
9:25 of 3rd period - Slapshot by Viktor Baldayev.
9:25 of 3rd period - Stopped by Chet Pickard with a rebound.
9:51 of 3rd period - Snap shot by Matt Puempel.
9:51 of 3rd period - Shot Blocked by Stefan Matteau.
10:20 of 3rd period - Off-side.
10:21 of 3rd period - Jonathan Matsumoto wins face-off versus Sean Monahan in neutral zone.
10:32 of 3rd period - Wrist shot by Guillaume Desbiens.
10:32 of 3rd period - Stopped by Chet Pickard with a rebound.
10:34 of 3rd period - Slapshot by Cedric Paquette.
10:34 of 3rd period - Shot Misses the Net.
10:45 of 3rd period - Stefan Matteau is hit by Michal Jordan and loses puck.
10:51 of 3rd period - Minor Penalty to Cédric Lalonde-McNicoll for High sticking.
10:52 of 3rd period - Jonathan Matsumoto wins face-off versus Sean Monahan in Remparts zone.
11:09 of 3rd period - Alexei Marchenko is hit by Jonathan Matsumoto and loses puck.
11:20 of 3rd period - Slapshot by Alexei Marchenko.
11:20 of 3rd period - Shot Misses the Net.
11:22 of 3rd period - Snap shot by Josh Jooris.
11:22 of 3rd period - Goal by Josh Jooris - Mustangs : 4 - Remparts : 2.
11:23 of 3rd period - Michael Latta wins face-off versus Sean Monahan in neutral zone.
11:48 of 3rd period - Stefan Matteau is hit by Guillaume Desbiens and loses puck.
11:57 of 3rd period - Slapshot by Scott Mayfield.
11:57 of 3rd period - Stopped by Igor Bobkov with a rebound.
12:09 of 3rd period - Wrist shot by Jim O'Brien.
12:09 of 3rd period - Shot Blocked by Matt Puempel.
12:11 of 3rd period - Snap shot by Max Gortz.
12:11 of 3rd period - Stopped by Igor Bobkov without a rebound.
12:12 of 3rd period - Sean Monahan wins face-off versus Brayden Point in Remparts zone.
12:23 of 3rd period - Snap shot by Sean Monahan.
12:23 of 3rd period - Stopped by Igor Bobkov without a rebound.
12:24 of 3rd period - Michael Latta wins face-off versus Sean Monahan in Remparts zone.
12:29 of 3rd period - Jonathan Drouin is hit by Pontus Aberg and loses puck.
12:49 of 3rd period - John Draeger is hit by Stefan Matteau.
13:31 of 3rd period - Cédric Lalonde-McNicoll is hit by Jonathan Drouin and loses puck.
14:01 of 3rd period - Curtis Hamilton is hit by Michael Latta and loses puck.
14:32 of 3rd period - Jonathan Matsumoto is hit by Josh Jooris and loses puck.
15:13 of 3rd period - Snap shot by Cédric Lalonde-McNicoll.
15:13 of 3rd period - Stopped by Chet Pickard without a rebound.
15:14 of 3rd period - Michael Latta wins face-off versus Sean Monahan in Mustangs zone.
15:17 of 3rd period - Wrist shot by Michael Latta.
15:17 of 3rd period - Shot Blocked by Damon Severson.
15:19 of 3rd period - Wrist shot by Pontus Aberg.
15:19 of 3rd period - Shot Misses the Net.
15:39 of 3rd period - Brayden Point is hit by Max Gortz and loses puck.
16:09 of 3rd period - Snap shot by Josh Jooris.
16:09 of 3rd period - Stopped by Igor Bobkov without a rebound.
16:10 of 3rd period - Michael Latta wins face-off versus Tom Wilson in Remparts zone.
16:23 of 3rd period - Wrist shot by Rickard Rakell.
16:23 of 3rd period - Shot Misses the Net.
16:25 of 3rd period - Slapshot by Viktor Baldayev.
16:25 of 3rd period - Shot Misses the Net.
16:35 of 3rd period - Brayden Point is hit by Chrstian Dvorak.
17:03 of 3rd period - Scott Mayfield is hit by Michal Jordan.
18:24 of 3rd period - Snap shot by Matt Puempel.
18:24 of 3rd period - Shot Blocked by Stefan Matteau.
18:29 of 3rd period - Off-side.
18:30 of 3rd period - Sean Monahan wins face-off versus Jonathan Matsumoto in neutral zone.
18:33 of 3rd period - Cedric Paquette is hit by Tom Wilson and loses puck.
18:56 of 3rd period - Pontus Aberg is hit by Max Gortz and loses puck.
19:33 of 3rd period - John Draeger is hit by Stefan Matteau and loses puck.
Goals for this period are 3 for Mustangs vs 1 for Remparts.
Shots for this period are 17 for Mustangs vs 8 for Remparts.
Back to the Top